 Dungeon Crawl Stone Soup version 0.28.0-53-g5a82cb258f (webtiles) character file.

Game seed: 18273189241938633188

769 safid the Cleaver (level 7, -3/59 HPs)
             Began as a Hill Orc Fighter on Aug 5, 2022.
             Was an Initiate of Beogh.
             Slain by Pikel
             ... wielding a +0 whip of electrocution
              (7 damage)
             ... on level 5 of the Dungeon.
             The game lasted 00:04:16 (4947 turns).

safid the Cleaver (Hill Orc Fighter)                Turns: 4947, Time: 00:04:17

Health: -3/59      AC:  8    Str: 21    XL:     7   Next: 82%
Magic:  7/7        EV:  9    Int:  8    God:    Beogh [......]
Gold:   134        SH:  4    Dex: 10    Spells: 6/6 levels left

rFire   . . .      SeeInvis .   a - +0 war axe
rCold   . . .      Faith    .   c - +0 buckler
rNeg    . . .      Spirit   .   b - +0 scale mail
rPois   .          Reflect  .   t - +0 helmet
rElec   .          Harm     .   (no cloak)
rCorr   .          Rampage  .   (no gloves)
Will    .....                   (no boots)
Stlth   ..........              (no amulet)
HPRegen 0.19/turn               (no ring)
MPRegen 0.10/turn               (no ring)

@: no status effects
A: no striking features
a: Renounce Religion


You were on level 5 of the Dungeon.
You worshipped Beogh.
Beogh was noncommittal.
You visited 1 branch of the dungeon, and saw 6 of its levels.

You collected 134 gold pieces.

Inventory:

Hand Weapons
 a - a +0 war axe (weapon)
Armour
 b - a +0 scale mail (worn)
 c - a +0 buckler (worn)
 t - a +0 helmet (worn)
Jewellery
 w - a ring of protection from cold
Wands
 x - a wand of paralysis (8)
Scrolls
 e - a scroll of fog {unknown}
 h - a scroll of fear {unknown}
 i - a scroll of summoning {unknown}
 j - 2 scrolls of enchant armour {unknown}
 k - 2 scrolls of enchant weapon {unknown}
 n - 2 scrolls of identify {unknown}
 s - a scroll of amnesia {unknown}
 u - a scroll of magic mapping {unknown}
 v - a scroll of teleportation {unknown}
Potions
 d - 2 potions of might
 f - a potion of resistance {unknown}
 g - a potion of curing
 l - a potion of degeneration {unknown}
 m - a potion of brilliance {unknown}
 o - 2 potions of mutation {unknown}
 p - a potion of berserk rage {unknown}
 q - a potion of heal wounds {unknown}
 r - a potion of magic {unknown}


   Skills:
 - Level 4.0 Fighting
 + Level 10.5 Axes
 - Level 4.0 Armour
 - Level 4.0 Shields


You had 6 spell levels left.
You didn't know any spells.
Your spell library contained the following spells:

 Spells                   Type           Power      Damage    Failure   Level
 Animate Skeleton         Necr           0%         N/A       83%         1
 Beastly Appendage        Tmut           0%         N/A       83%         1
 Pain                     Necr           0%         1d4       83%         1
 Sting                    Tmut/Pois      0%         1d3       83%         1
 Poisonous Vapours        Pois/Air       0%         N/A       92%         2
 Wereblood                Tmut           0%         N/A       92%         2
 Portal Projectile        Hex/Tloc       0%         N/A       99%         3
 Spider Form              Tmut/Pois      0%         N/A       99%         3
 Vampiric Draining        Necr           0%         2d6       99%         3
 Olgreb's Toxic Radiance  Pois           0%         N/A       100%        4
 Blade Hands              Tmut           0%         N/A       100%        5
 Excruciating Wounds      Necr           0%         N/A       100%        5


Dungeon Overview and Level Annotations

Branches:
Dungeon (6/15)
 Temple: D:4-7

Altars:
Xom

Annotations:
D:5 2 transporters, 1 runed translucent door, Crazy Yiuf; Eustachio; Jingleheimer's ghost, novice NaMo; Pikel


Message History

You slash the rat!
You kill the rat!
The rat's corpse disappears in a puff of smoke!
The lemure hits you but does no damage.
Pikel hits you with a +0 whip of electrocution.
The rat barely misses you. Eustachio misses you.
You slash Pikel!
Pikel is almost dead.
You slash the rat!
You kill the rat!
The rat's corpse disappears in a puff of smoke!
You hit the lemure but do no damage. You barely miss Eustachio.
The lemure barely misses you.
Pikel hits you with a +0 whip of electrocution.
Eustachio yells, "Perjured traitor, DIE!"
Eustachio gestures wildly while chanting.
You barely miss Pikel.
Pikel is almost dead.
You hit Eustachio. You closely miss the lemure. You barely miss the ufetubus.
The ufetubus barely misses you. You block the ufetubus's attack.
The lemure hits you! Pikel hits you but does no damage.
Eustachio hits you but does no damage.
Unknown command.
You miss Pikel.
Pikel is almost dead.
You hit the ufetubus. You hit the lemure but do no damage. You miss Eustachio.
The ufetubus hits you.
The ufetubus hits you but does no damage.
The lemure hits you but does no damage. You block Pikel's attack.
The ufetubus barely misses you.
The ufetubus hits you but does no damage.
Eustachio hits you with a +0 rapier of electrocution.
You are electrocuted!!
* * * LOW HITPOINT WARNING * * *
It was a potion of curing.
You feel better. The ufetubus closely misses you.
You block the ufetubus's attack. The lemure hits you.
* * * LOW HITPOINT WARNING * * *
Pikel cracks his whip.
Pikel hits you with a +0 whip of electrocution!
You die...

### #.# #.# #.#
############# #.#
#####@.5........####.##
#....5@5.............<.
#.###K................. #.#
#.................. #.#
#.#.#.#.#.#.#.###.. #.#
#.#.#.#.#.#.#.#.... #.#
#.#.###.#..........
#.#####.....#.#.#.###..
#......##..............
#####.............#.######.


You could see Eustachio, Pikel, a lemure, an iron imp (summoned) and an ufetubus
(summoned).

Vanquished Creatures
  A steam dragon (D:5)
  A water moccasin (D:5)
  A necrophage (D:5)
  3 lemures (D:5)
  A phantom (D:4)
  2 water moccasin skeletons
  A hound (D:5)
  A jelly (D:5)
  A centaur skeleton (D:3)
  An iguana (D:5)
  An orc wizard (D:3)
  A hound skeleton (D:4)
  4 adders
  A shadow imp (D:6)
  An ufetubus (D:5)
  2 worms
  6 dart slugs
  7 orcs
  6 endoplasms
  2 giant cockroaches
  5 goblins
  7 hobgoblins
  4 quokkas
  3 ball pythons
  5 bats
  2 frilled lizards
  3 kobolds
  4 rats
77 creatures vanquished.

Notes
Turn   | Place    | Note
-------+----------+-------------------------------------------
     0 | D:1      | safid the Hill Orc Fighter began the quest for the Orb.
     0 | D:1      | Reached XP level 1. HP: 19/19 MP: 1/1
   334 | D:1      | Reached skill level 3 in Axes
   334 | D:1      | Reached XP level 2. HP: 27/27 MP: 2/2
   992 | D:2      | Reached XP level 3. HP: 21/33 MP: 3/3
  1379 | D:2      | Reached XP level 4. HP: 40/40 MP: 4/4
  1454 | D:2      | Found a faded altar of an unknown god.
  1698 | D:2      | Reached skill level 4 in Axes
  1899 | D:3      | Reached skill level 5 in Axes
  1932 | D:3      | Reached XP level 5. HP: 36/46 MP: 5/5
  2173 | D:3      | Reached skill level 6 in Axes
  2475 | D:4      | Noticed a phantom
  2482 | D:4      | Killed a phantom
  2483 | D:4      | Reached skill level 7 in Axes
  2483 | D:4      | Reached XP level 6. HP: 49/52 MP: 6/6
  2516 | D:4      | Became a worshipper of Beogh the Brigand
  3141 | D:4      | Found a shimmering altar of Xom.
  3178 | D:5      | Entered Level 5 of the Dungeon
  3178 | D:5      | Noticed a steam dragon
  3191 | D:5      | Killed a steam dragon
  3192 | D:5      | Reached skill level 8 in Axes
  3192 | D:5      | Reached XP level 7. HP: 18/59 MP: 7/7
  3455 | D:5      | Found a transporter.
  3457 | D:5      | Noticed Jingleheimer's ghost (novice NaMo)
  3458 | D:5      | Found a transporter.
  3460 | D:5      | Identified the +5 great mace of Capital Punishment
                  | {protect, rN+ Str+2}
  3506 | D:5      | Reached skill level 9 in Axes
  3688 | D:5      | Reached skill level 10 in Axes
  4048 | D:5      | Found a runed translucent door.
  4049 | D:5      | Noticed Crazy Yiuf
  4498 | D:6      | Noticed Pikel
  4500 | D:6      | Noticed Eustachio
  4946 | D:5      | HP: 2/59 [Eustachio/+0 rapier of electrocution (18)]
  4947 | D:5      | Slain by Pikel

Illustrated notes

Levels and vault maps discovered:
D:1:      roderic_crop_circles_arrival_small, layout_loops_ring
D:2:      layout_rooms, chequers_ecumenical_altar_island
D:3:      layout_rooms, moated_statue, kennysheep_boxes
D:4:      layout_basic, kennysheep_little_box
D:5:      layout_basic, gammafunk_ghost_smash, uniq_crazy_yiuf_cottage
D:6:      layout_basic, uniq_eustachio, uniq_pikel, uniq_maggie, uniq_duvessa,
          uniq_sigmund

Skill      XL: |  1  2  3  4  5  6  7 |
---------------+----------------------+-----
Axes           | 3 5 7 8 10 | 10.5
Fighting       | 4 |  4.0
Armour         | 4 |  4.0
Shields        | 4 |  4.0

Action                   |  1- 3 |  4- 6 |  7- 9 || total
-------------------------+-------+-------+-------++-------
Melee: War axe           |    92 |   121 |    91 ||   304
Invok: Convert to Beogh  |       |     1 |       ||     1
  Use: Potion            |       |       |     1 ||     1
Armor: Scale mail        |    55 |    59 |    35 ||   149
Dodge: Dodged            |    38 |    52 |    47 ||   137
Block: Buckler           |    26 |    32 |    23 ||    81
